 Dungeon Crawl Stone Soup version 0.29-a0-330-g52719c12eb (webtiles) character file.

Game seed: 1332743291382654109

86 HoaS the Bolt Thrower (level 4, -1/26 HPs)
             Began as a Kobold Hunter on May 20, 2022.
             Slain by an orc priest
             ... wielding a +0 short sword
              (5 damage)
             ... on level 3 of the Dungeon.
             The game lasted 00:04:12 (2360 turns).

HoaS the Bolt Thrower (Kobold Hunter)               Turns: 2360, Time: 00:04:13

Health: -1/26      AC:  3    Str:  8    XL:     4   Next: 77%
Magic:  4/4        EV: 14    Int: 10    God:
Gold:   63         SH:  0    Dex: 20    Spells: 3/3 levels left

rFire   . . .      SeeInvis .   a - +2 hand crossbow
rCold   . . .      Faith    .   (no shield)
rNeg    . . .      Spirit   .   b - +0 leather armour
rPois   .          Reflect  .   (no helmet)
rElec   .          Harm     .   (no cloak)
rCorr   .          Rampage  .   (no gloves)
Will    .....                   (no boots)
Stlth   +++.......              (no amulet)
HPRegen 0.08/turn               (no ring)
MPRegen 0.09/turn               (no ring)

@: no status effects
A: small, no large weapons, nightstalker 3
a: no special abilities


You were on level 3 of the Dungeon.
You visited 1 branch of the dungeon, and saw 4 of its levels.

You collected 63 gold pieces.

Inventory:

Hand Weapons
 a - a +2 hand crossbow (weapon)
Armour
 b - a +0 leather armour (worn)
Scrolls
 c - a scroll of immolation
 d - 6 scrolls of identify
Potions
 e - a potion of ambrosia
 f - a potion of cancellation
 g - a potion of mutation {unknown}
 i - a potion of heal wounds {unknown}


   Skills:
 - Level 2.1 Fighting
 + Level 7.7 Crossbows
 - Level 2.4 Dodging
 - Level 1.3 Stealth


You had 3 spell levels left.
You didn't know any spells.
Your spell library contained the following spells:

 Spells                   Type           Power      Damage    Failure   Level
 Summon Small Mammal      Summ           0%         N/A       50%         1
 Call Canine Familiar     Summ           0%         N/A       86%         3
 Confusing Touch          Hex            0%         N/A       86%         3
 Summon Guardian Golem    Hex/Summ       0%         N/A       86%         3
 Yara's Violent Unravell  Hex/Tmut       0%         3d3       100%        5
 Enfeeble                 Hex            0%         N/A       100%        7


Dungeon Overview and Level Annotations

Branches:
Dungeon (4/15)
 Temple: D:4-7

Altars:
Sif Muna


Innate Abilities, Weirdness & Mutations

You are small and have problems with some larger weapons.
You are completely attuned to the shadows.


Message History

You shoot a bolt. The bolt barely misses the orc priest.
You shoot a bolt.
The bolt hits the orc priest but does no damage.
An orc comes into view. It is wielding a +0 short sword.
You shoot a bolt. The orc shouts!
The bolt hits the orc priest.
The orc priest is heavily wounded.
The orc priest misses you. The orc priest barely misses you.
The orc hits you with a +0 short sword.
You shoot a bolt. The bolt hits the orc priest.
The orc priest is severely wounded.
The orc priest barely misses you.
The orc drinks a potion.
The orc goes berserk!
An endoplasm comes into view.
You shoot a bolt. The endoplasm quivers.
The bolt hits the orc priest but does no damage.
The orc priest is severely wounded.
The orc barely misses you.
The orc priest mumbles some strange prayers to Beogh against you.
Beogh smites you! The orc hits you but does no damage.
Shoot: a) +2 hand crossbow
Press: ? - help, Q - select action Shift-Dir - straight line, f/p - orc priest
Aim: an orc priest, wielding a +0 short sword and wearing a +0 chain mail (heavily wounded, 75% to hit)
You shoot a bolt.
The bolt hits the orc priest but does no damage.
The orc priest is heavily wounded.
The orc hits you with a +0 short sword.
The orc priest hits you but does no damage.
Shoot: a) +2 hand crossbow
Press: ? - help, Q - select action Shift-Dir - straight line, f/p - orc priest
Aim: an orc priest, wielding a +0 short sword and wearing a +0 chain mail (heavily wounded, 75% to hit)
You shoot a bolt.
The bolt hits the orc priest but does no damage.
The orc priest is heavily wounded.
The orc hits you with a +0 short sword.
* * * LOW HITPOINT WARNING * * *
The orc priest hits you with a +0 short sword.
You die...

######.##...#.†.#.#####
......####)...#........
≈≈≈≈≈.# #..#...#.#####
≈≈≈..≈# #.#..#..##
...≈.≈# #.###..##
._.≈.≈# #.# #..#####
##.#... #.#.### #.@o...
###o### ... .... ....


You could see an orc priest and an orc (berserk).

Vanquished Creatures
  4 adders
  A worm (D:2)
  5 dart slugs
  2 orcs (D:3)
  2 endoplasms (D:1)
  4 goblins
  7 hobgoblins
  2 jackals (D:2)
  A ball python (D:2)
  2 bats (D:1)
  3 frilled lizards
  A kobold (D:1)
  4 rats
38 creatures vanquished.

Notes
Turn   | Place    | Note
-------+----------+-------------------------------------------
     0 | D:1      | HoaS the Kobold Hunter began the quest for the Orb.
     0 | D:1      | Reached XP level 1. HP: 12/12 MP: 1/1
   212 | D:1      | Reached XP level 2. HP: 17/17 MP: 2/2
   231 | D:1      | Reached skill level 6 in Crossbows
   629 | D:1      | Reached XP level 3. HP: 21/21 MP: 3/3
  1622 | D:2      | Reached skill level 7 in Crossbows
  1625 | D:2      | Reached XP level 4. HP: 21/26 MP: 4/4
  1911 | D:2      | You fall into a shaft and drop 2 floors!
  2314 | D:3      | Found a shimmering blue altar of Sif Muna.
  2360 | D:3      | Slain by an orc priest

Illustrated notes

Levels and vault maps discovered:
D:1:      lightli_molten_gateway, layout_basic
D:2:      layout_loops_corners
D:3:      layout_loops_ring, mainiacjoe_overflow_paths, hex_tiny
D:4:      layout_cave_pools, nzn_hepliaklqana_mist_gate

Skill      XL: |  1  2  3 |
---------------+----------+-----
Crossbows      | 6 7 |  7.7
Fighting       | |  2.1
Dodging        | |  2.4
Stealth        | |  1.3

Action                   |  1- 3 |  4- 6 || total
-------------------------+-------+-------++-------
 Fire: Hand crossbow     |    60 |    41 ||   101
  Use: Scroll            |     8 |       ||     8
       Potion            |       |     1 ||     1
Armor: Leather armour    |     1 |     5 ||     6
Dodge: Dodged            |    12 |    21 ||    33

Table legend: (Time is in decaauts)
 A = Elapsed time spent in this place.
 B = Non-inter-level travel time spent in this place.
 C = Inter-level travel time spent in this place.
 D = Time resting spent in this place.
 E = Time spent auto-exploring this place.
 F = Levels seen in this place.
 G = Mean time per level.
                   A        B        C        D        E       F      G
               +--------+--------+--------+--------+--------+-----+--------+
         Total |   2362 |   2311 |     51 |    500 |   1550 |   4 |  590.5 |
       Dungeon |   2362 |   2311 |     51 |    500 |   1550 |   4 |  590.5 |
               +--------+--------+--------+--------+--------+-----+--------+

Top non-repeatable levels by time:
     D:2: 976 daAuts
     D:1: 952 daAuts
     D:3: 394 daAuts
     D:4: 38 daAuts
